 Dungeon Crawl Stone Soup version 0.21-a0-504-g2eda330 (webtiles) character file.

60 KristoblXynda the Slasher (level 3, 0/29 HPs)
             Began as a Draconian Skald on Nov 25, 2017.
             Succumbed to an adder's poison
             ... on level 2 of the Dungeon.
             The game lasted 00:02:29 (851 turns).

KristoblXynda the Slasher (Draconian Skald)          Turns: 851, Time: 00:02:30

Health: 0/29       AC:  5    Str: 18    XL:     3   Next: 82%
Magic:  6/6        EV: 12    Int: 13    God:
Gold:   86         SH:  0    Dex: 11    Spells: 5/6 levels left

rFire    . . .     SeeInvis .   a - +0 falchion
rCold    . . .     Gourm    +   (no shield)
rNeg     . . .     Faith    .   (armour unavailable)
rPois    .         Spirit   .   (helmet restricted)
rElec    .         Reflect  .   (no cloak)
rCorr    .         Harm     .   (no gloves)
MR       .....                  (no boots)
Stlth    +.........             g - amulet of the gourmand
HPRegen  0.09/turn              (no ring)
MPRegen  0.10/turn              (no ring)

@: mighty, lethally poisoned (0 -> -4)
A: unfitting armour, cold-blooded, AC +5
a: no special abilities


You were on level 2 of the Dungeon.
You were not hungry.

You visited 1 branch of the dungeon, and saw 2 of its levels.

You collected 86 gold pieces.

Inventory:

Hand Weapons
 a - a +0 falchion (weapon)
Jewellery
 g - an amulet of the gourmand (around neck)
Scrolls
 d - a scroll of fog
 h - a scroll of fear {unknown}
 i - a scroll of teleportation {unknown}
 j - a scroll of amnesia {unknown}
Books
 b - a book of Battle

   Spells                             Type                      Level
   a - Infusion                       Charms                       1
   b - Shroud of Golubria             Charms/Translocation         2
   c - Song of Slaying                Charms                       2
   d - Spectral Weapon                Hexes/Charms                 3
   e - Regeneration                   Charms/Necromancy            3
Comestibles
 c - 2 bread rations
 f - a royal jelly


   Skills:
 - Level 2.1 Fighting
 * Level 3.2 Long Blades
 + Level 2.7 Dodging
 - Level 2.0 Spellcasting
 + Level 3.1 Charms


You had 5 spell levels left.
You knew the following spells:

 Your Spells              Type           Power        Failure   Level  Hunger
a - Infusion              Chrm           #...         7%          1    ##.....


Dungeon Overview and Level Annotations

Branches:
Dungeon (2/15)

Altars:


Innate Abilities, Weirdness & Mutations

Your plain brown scales are hard. (AC +5)
You cannot fit into any form of body armour.
You are cold-blooded and may be slowed by cold attacks.


Message History

A frilled lizard comes into view.
There is an open door here.
Things that are here:
a giant cockroach corpse; an adder corpse Butcher an adder corpse? [(y)es/(c)hoosy/(n)o/(a)ll/(e)dible/(q)uit/?]
Butcher a giant cockroach corpse? [(y)es/(c)hoosy/(n)o/(a)ll/(e)dible/(q)uit/?]
You butcher the adder corpse.
The frilled lizard hisses angrily.
You butcher the giant cockroach corpse.
* * * LOW HITPOINT WARNING * * *
You feel sick.
There is an open door here.
Things that are here:
a chunk of flesh; 2 chunks of flesh; an adder skeleton Eat one of 2 chunks of flesh? (ye/n/q)
You eat one of the 2 chunks of flesh.
This raw flesh is not very appetising.
Eat a chunk of flesh? (ye/n/q) Eat a chunk of flesh? (ye/n/q)
Okay, then.
You die...

#.##.##.# # #..'..........#
#+##.##.#......#......###.#
.....##.#......+........#.#
.....##.#......#...####+#.#
†....##.#......#######....#
........#####+#....>......#
.....####### ###.####....#
#.##.# .....###%####....#
#.# .# ..?.l..@...##....#
#.# # ....$##....###+#.#
#.. ..# .....+ ..# ###
.....$# .. ......... ###
....####### ..... ......


You could see a frilled lizard.

Vanquished Creatures
  A gnoll (D:1)
  An adder (D:2)
  A dart slug (D:1)
  2 leopard geckos (D:1)
  A giant cockroach (D:2)
  5 goblins (D:1)
  4 hobgoblins (D:1)
  A jackal (D:1)
  A ball python (D:1)
  6 bats (D:1)
  3 frilled lizards (D:1)
  8 kobolds
  3 rats (D:1)
37 creatures vanquished.

Notes
Turn   | Place    | Note
-------+----------+-------------------------------------------
     0 | D:1      | KristoblXynda the Draconian Skald began the quest for the Orb.
     0 | D:1      | Reached XP level 1. HP: 17/17 MP: 3/3
   105 | D:1      | Reached XP level 2. HP: 20/24 MP: 5/5
   407 | D:1      | Reached XP level 3. HP: 29/29 MP: 6/6
   849 | D:2      | HP: 1/29 [poisoned by an adder]
   851 | D:2      | Succumbed to an adder's poison

Vault maps used:
D:1:      minmay_arrival_three_doors, minmay_tromino_v7
D:2:      eat_drink_and_be_merry_uskayaw, overflow_temple_1_default,
          cheibriados_altar_1, serial_park_tiny_2

Skill      XL: |  1  2  3 |
---------------+----------+-----
Charms         | 3 |  3.1
Long Blades    | 3 |  3.2
Fighting       | |  2.1
Dodging        | |  2.7
Spellcasting   | |  2.0

Action                   || total
-------------------------++-------
Melee: Falchion          ||   100
       Tailslap          ||     7
 Cast: Infusion          ||     1
  Use: Scroll            ||     3
       Potion            ||     1
 Stab: Sleeping          ||     1
  Eat: Chunk             ||     9
Armor: Skin              ||    36
Dodge: Dodged            ||    78
       Rpst.: Falchion   ||    22

Table legend:
 A = Spawn XP
 B = Non-spawn XP
 C = Spawn XP percentage of total XP
 D = Spawn monster count
 E = Non-spawn monster count
 F = Spawn count percentage of total count
 G = Total turns spent on level
                    A         B        C        D         E        F      G
               +---------+---------+-------+---------+---------+-------+---------
         Total |       0 |      87 |   0.0 |       0 |      37 |   0.0 |   851
               +---------+---------+-------+---------+---------+-------+---------
           D:1 |       0 |      70 |   0.0 |       0 |      34 |   0.0 |   741
           D:2 |       0 |      17 |   0.0 |       0 |       3 |   0.0 |   110
               +---------+---------+-------+---------+---------+-------+---------
